 Dungeon Crawl Stone Soup version 0.21-a0-264-g3e31e41 (webtiles) character file.

24 namelastname112 the Ducker (level 2, 0/14 HPs)
             Began as a Felid Chaos Knight on Sept 9, 2017.
             Succumbed to an adder's poison
             ... on level 2 of the Dungeon.
             The game lasted 00:01:09 (1376 turns).

namelastname112 the Ducker (Felid Chaos Knight)     Turns: 1376, Time: 00:01:09

Health: 0/14       AC:  1    Str:  8    XL:     2   Next: 79%
Magic:  3/3        EV: 18    Int: 18    God:    Xom [..*...]
Gold:   87         SH:  0    Dex: 15    Spells: 1/1 levels left
                                        Lives:  0   Deaths: 0

rFire    + . .     SeeInvis +     - Unarmed
rCold    + . .     Gourm    .   (shield unavailable)
rNeg     . . .     Faith    .   (armour unavailable)
rPois    +         Spirit   .   (helmet unavailable)
rElec    +         Reflect  .   (cloak unavailable)
rCorr    +         Harm     .   (gloves unavailable)
MR       .....                  (boots unavailable)
Stlth    ++........             (no amulet)
HPRegen  0.04/turn              (no ring)
MPRegen  0.08/turn              (no ring)

@: brilliant, lethally poisoned (0 -> -16), resistant, quick
A: no armour, no weapons or thrown items, stealth, claws 1, fangs 3, see
invisible, carnivore 3, speed 1, shaggy fur 1, slow metabolism 1, sharp paws
a: Renounce Religion


You were on level 2 of the Dungeon.
You worshipped Xom.
You were a toy of Xom.
You were very full.

You visited 1 branch of the dungeon, and saw 2 of its levels.

You collected 87 gold pieces.

Inventory:

Scrolls
 b - a scroll of identify {unknown}
 e - a scroll of fog {unknown}
 h - a scroll of magic mapping {unknown}
 i - a scroll of teleportation {unknown}
 j - a scroll of recharging {unknown}
 l - a scroll of enchant weapon {unknown}
Potions
 c - a potion of resistance
 f - a potion of berserk rage {unknown}
 k - 2 potions of mutation {unknown}
Comestibles
 a - a meat ration
 g - a royal jelly


   Skills:
 + Level 3.2 Fighting
 + Level 3.4 Dodging
 + Level 1.7 Stealth
 * Level 3.4 Unarmed Combat


You had one spell level left.
You didn't know any spells.

Dungeon Overview and Level Annotations

Branches:
Dungeon (2/15)

Altars:


Innate Abilities, Weirdness & Mutations

You cannot wear armour.
You are incapable of wielding weapons or throwing items.
Your paws allow you to move quietly. (Stealth)
You have sharp claws.
You have razor-sharp teeth.
You have supernaturally acute eyesight. (SInv)
You are carnivorous and can eat meat at any time.
You cover ground quickly.
You are covered in fur. (AC +1)
You have a slow metabolism.
Your sharp claws are effective at attacking unaware monsters.


Message History

The adder is lightly wounded.
The adder closely misses you. The adder bites you.
* * * LOW HITPOINT WARNING * * *
You are more poisoned.
The adder poisons you!
You take 4 damage, and have 3/14 hp.
MASSIVE DAMAGE!!
Okay, then.
It was a potion of resistance.
You feel protected.
Xom roars with laughter!
* * * LOW HITPOINT WARNING * * *
You feel sick. The adder bites you.
You die... "Not here, not now."
Xom revives you!
You take 2 damage, and have 1/14 hp.
It was a potion of brilliance.
You feel clever all of a sudden.
You die...
Xom is highly amused!

#.......+ .. #.......#
#. ###......[# ..
#.......# ∆ #.
#.......# #. #..S....#
#. +.......###
#.###$........#
#.@SS.........#
########......#
#.....## #.....##+### #
##########...........
#.#....................
#)#.###########+#......
#..........# #.#......
###.######'####'#......


You could see 2 adders.

Vanquished Creatures
  A dart slug (D:1)
  A giant cockroach (D:1)
  4 hobgoblins (D:1)
  7 jackals (D:1)
  A bat (D:2)
  A frilled lizard (D:2)
  2 kobolds
  3 rats (D:1)
20 creatures vanquished.

Notes
Turn   | Place    | Note
-------+----------+-------------------------------------------
     0 | D:1      | namelastname112 the Felid Chaos Knight began the quest for the Orb.
     0 | D:1      | Reached XP level 1. HP: 10/10 MP: 2/2
    45 | D:1      | Reached skill level 1 in Stealth
   243 | D:1      | XOM: harmless Tmut miscast
   300 | D:1      | XOM: silly message
   339 | D:1      | Reached XP level 2. HP: 11/14 MP: 3/3
  1356 | D:2      | XOM: divination: detect items
  1375 | D:2      | Xom revived you
  1376 | D:2      | Succumbed to an adder's poison

Vault maps used:
D:1:      minmay_arrival_jagged, minmay_fountain_box, minivault_26
D:2:      first_bread

Skill      XL: |  1 |
---------------+----+-----
Stealth        | 1 |  1.7
Fighting       | |  3.2
Dodging        | |  3.4
Unarmed Combat | |  3.4

Action                   || total
-------------------------++-------
Melee: Unarmed           ||    64
       Bite              ||     5
       Punch             ||     1
  Use: Potion            ||     2
 Stab: Sleeping          ||     2
  Eat: Chunk             ||     7
Armor: Skin              ||     4
Dodge: Dodged            ||    51

Table legend:
 A = Spawn XP
 B = Non-spawn XP
 C = Spawn XP percentage of total XP
 D = Spawn monster count
 E = Non-spawn monster count
 F = Spawn count percentage of total count
 G = Total turns spent on level
                    A         B        C        D         E        F      G
               +---------+---------+-------+---------+---------+-------+---------
         Total |       0 |      35 |   0.0 |       0 |      20 |   0.0 |  1376
               +---------+---------+-------+---------+---------+-------+---------
           D:1 |       0 |      32 |   0.0 |       0 |      17 |   0.0 |  1312
           D:2 |       0 |       3 |   0.0 |       0 |       3 |   0.0 |    64
               +---------+---------+-------+---------+---------+-------+---------
